 Dungeon Crawl Stone Soup version 0.30.0-5-g1a98f26d00 (webtiles) character file.

Game seed: 5962718113287989334

123 jimonade the Sneak (level 5, -1/31 HPs)
             Began as a Kobold Brigand on May 11, 2023.
             Succumbed to a scorpion's poison
             ... on level 4 of the Dungeon.
             The game lasted 00:04:27 (2443 turns).

jimonade the Sneak (Kobold Brigand)                 Turns: 2443, Time: 00:04:28

Health: -1/31      AC:  4    Str: 13    XL:     5   Next: 28%
Magic:  5/5        EV: 14    Int: 20    God:
Gold:   132        SH:  0    Dex: 19    Spells: 4/4 levels left

rFire   . . .        a - +2 dagger
rCold   . . .        (no shield)
rNeg    + . .        b - +0 robe
rPois   .            o - +0 helmet
rElec   +            c - +0 cloak
rCorr   .            (no gloves)
SInv    .            (no boots)
Will    +....        (no amulet)
Stlth   +++++        r - ring "Arphaos" {Drain Will+ Str+5 Int+3}
HPRegen 0.25/turn    m - ring "Isku" {rElec rN+ Int+5}
MPRegen 0.09/turn

%: no passive effects
@: lethally poisoned (-1 -> -16)
A: small, no large weapons, nightstalker 3
a: no special abilities


You were on level 4 of the Dungeon.
You visited 1 branch of the dungeon, and saw 4 of its levels.

You collected 132 gold pieces.

Inventory:

Hand Weapons
 a - a +2 dagger (weapon)
 j - a +2 war axe of flaming
 n - a +0 dagger of speed
Missiles
 d - 9 poisoned darts (quivered)
 e - 3 curare-tipped darts
 h - 7 atropa-tipped darts
 v - 16 stones
Armour
 b - a +0 robe (worn)
 c - a +0 cloak (worn)
 o - a +0 helmet (worn)
 u - a +0 ring mail
 x - a +0 leather armour
Magical Staves
 l - a staff of air
 p - a staff of cold
Jewellery
 g - a ring of protection from fire
 m - the ring "Isku" (right hand) {rElec rN+ Int+5}
   (You found it on level 2 of the Dungeon)

   [ring of positive energy]

   Int:       It affects your intelligence (+5).
   rElec:     It insulates you from electricity.
   rN:        It protects you from negative energy.
 r - the ring "Arphaos" (left hand) {Drain Will+ Str+5 Int+3}
   (You took it off a hobgoblin on level 2 of the Dungeon)

   [ring of willpower]

   Str:       It affects your strength (+5).
   Int:       It affects your intelligence (+3).
   Drain:     It drains your maximum health when unequipped.
   Will:      It increases your willpower.
Scrolls
 i - 2 scrolls of vulnerability
 k - a scroll of poison
 w - a scroll of enchant weapon
Potions
 q - 2 potions of curing {unknown}
 s - a potion of heal wounds {unknown}
 t - a potion of flight {unknown}


   Skills:
 + Level 2.5 Fighting
 + Level 3.9 Short Blades
 + Level 2.2 Throwing
 + Level 1.4 Dodging
 + Level 7.7 Stealth


You had 4 spell levels left.
You didn't know any spells.
Your spell library was empty.

Dungeon Overview and Level Annotations

Branches:
Dungeon (4/15)
 Temple: D:4-7

Altars:
Qazlal


Innate Abilities, Weirdness & Mutations

You are small and have problems with some larger weapons.
You are completely attuned to the shadows.


Message History

The scorpion is lightly wounded.
The scorpion misses you.
You hit the scorpion.
The scorpion is moderately wounded.
The scorpion stings you.
You completely miss the scorpion.
The scorpion is moderately wounded.
The scorpion barely misses you.
You hit the scorpion but do no damage.
The scorpion is moderately wounded.
The scorpion closely misses you.
You hit the scorpion but do no damage.
The scorpion is moderately wounded.
The scorpion misses you.
You hit the scorpion but do no damage.
The scorpion is moderately wounded.
The scorpion barely misses you.
You closely miss the scorpion.
The scorpion is moderately wounded.
You barely miss the scorpion.
The scorpion is moderately wounded.
You hear the slow rusting of a distant drain.
The scorpion stings you!
You are poisoned.
The scorpion poisons you!
You hit the scorpion.
The scorpion is heavily wounded.
You feel sick. The scorpion stings you.
* * * LOW HITPOINT WARNING * * *
You are lethally poisoned!
The scorpion poisons you!
You hit the scorpion.
The scorpion is heavily wounded.
* * * LOW HITPOINT WARNING * * *
You feel very sick. The scorpion stings you.
* * * LOW HITPOINT WARNING * * *
You completely miss the scorpion.
The scorpion is heavily wounded.
You die...

######
#....# #@#
#.##s#
..#.# #.#.#
.###.#.#
...W...#
..#####.###
......#.#
......#.#


You could see a scorpion.

Vanquished Creatures
  4 gnolls (D:4)
  2 adders
  A dart slug (D:1)
  6 orcs
  4 ball pythons
  4 endoplasms
  2 giant cockroaches (D:3)
  7 goblins
  2 hobgoblins
  3 jackals (D:1)
  4 quokkas
  6 bats
  5 frilled lizards
  4 kobolds
  4 rats
58 creatures vanquished.

Notes
Turn   | Place    | Note
-------+----------+-------------------------------------------
     0 | D:1      | jimonade the Kobold Brigand began the quest for the Orb.
     0 | D:1      | Reached XP level 1. HP: 12/12 MP: 1/1
   188 | D:1      | Reached XP level 2. HP: 17/17 MP: 2/2
   204 | D:1      | Reached skill level 6 in Stealth
   323 | D:1      | You fall into a shaft and drop 1 floor!
   330 | D:2      | Found a faded altar of an unknown god.
   601 | D:1      | Reached XP level 3. HP: 21/21 MP: 3/3
   857 | D:2      | Found a stormy altar of Qazlal.
   858 | D:2      | Identified the ring "Isku" {rElec rN+ Int+5}
  1065 | D:2      | Identified the ring "Arphaos" {Drain Will+ Str+5 Int+3}
  1740 | D:3      | Reached XP level 4. HP: 27/27 MP: 4/4
  1930 | D:3      | Reached skill level 7 in Stealth
  2204 | D:3      | Found a stormy altar of Qazlal.
  2289 | D:4      | Reached XP level 5. HP: 31/31 MP: 5/5
  2345 | D:4      | Noticed an orc warrior
  2419 | D:4      | Noticed a phantom
  2443 | D:4      | Succumbed to a scorpion's poison

Illustrated notes

Levels and vault maps discovered:
D:1:      evilmike_arrival_plus, layout_basic, hangedman_feature_mirror
D:2:      minmay_door_path, layout_basic, ebering_ecumenical_altar_petrified,
          basic_altar
D:3:      layout_loops_ring, nicolae_qazlal_general_emergency,
          nrook_mini_backslash, kennysheep_big_empty_room
D:4:      cheibrodos_thug_alley, layout_basic, gup_sewer_entry_spiral,
          uniq_blork_the_orc, uniq_edmund, uniq_natasha

Skill      XL: |  1  2  3  4 |
---------------+-------------+-----
Short Blades   | 3 |  3.9
Stealth        | 6 7 |  7.7
Fighting       | |  2.5
Throwing       | |  2.2
Dodging        | |  1.4

Action                     |  1- 3 |  4- 6 || total
---------------------------+-------+-------++-------
  Melee: Dagger            |    79 |    95 ||   174
         Punch             |       |     1 ||     1
    Use: Scroll            |       |     3 ||     3
   Stab: Sleeping          |    18 |     8 ||    26
         Distracted        |     2 |       ||     2
 Armour: Robe              |    13 |    10 ||    23
  Dodge: Dodged            |    46 |    36 ||    82
